 Dungeon Crawl Stone Soup version 0.22-a0-429-g97ce8ef (webtiles) character file.

18 Gorglomux the Ducker (level 2, -1/16 HPs)
             Began as a Spriggan Berserker on May 25, 2018.
             Slain by a black bear (9 damage)
             ... created by the rage of Trog
             ... on level 1 of the Dungeon.
             The game lasted 00:00:33 (430 turns).

Gorglomux the Ducker (Spriggan Berserker)            Turns: 430, Time: 00:00:34

Health: -1/16      AC:  2    Str: 13    XL:     2   Next: 51%
Magic:  3/3        EV: 19    Int:  8    God:
Gold:   33         SH:  0    Dex: 15    Spells: 1/1 levels left

rFire    . . .     SeeInvis +   a - +0 short sword
rCold    . . .     Gourm    .   (shield restricted)
rNeg     . . .     Faith    .   b - +0 animal skin
rPois    .         Spirit   .   (helmet restricted)
rElec    .         Reflect  .   (no cloak)
rCorr    .         Harm     .   (gloves unavailable)
MR       .....                  (boots unavailable)
Stlth    +.........             (no amulet)
HPRegen  0.05/turn              (no ring)
MPRegen  0.08/turn              (no ring)

@: very quick
A: very small, unfitting armour, see invisible, herbivore, speed 3, slow
metabolism 2
a: no special abilities


You were on level 1 of the Dungeon.
You were not hungry.

You visited 1 branch of the dungeon, and saw 1 of its levels.

You collected 33 gold pieces.

Inventory:

Hand Weapons
 a - a +0 short sword (weapon)
Armour
 b - a +0 animal skin (worn)
Potions
 d - a potion of might {unknown}
Comestibles
 c - 3 rations


   Skills:
 + Level 3.2 Fighting
 - Level 3.2 Short Blades
 - Level 4.4 Dodging


You had one spell level left.
You didn't know any spells.
Your spell library was empty.

Dungeon Overview and Level Annotations

Branches:
Dungeon (1/15)

Altars:


Innate Abilities, Weirdness & Mutations

You are very small and have problems with some larger weapons.
You are too small for most types of armour.
You have supernaturally acute eyesight. (SInv)
You are a herbivore.
You cover ground extremely quickly.
You need to consume almost no food.


Message History

The goblin is severely wounded!
The goblin misses you!
You spit the goblin like a pig!
You annihilate the goblin!!!
Trog butts monsters to punish you!
A polar bear and 2 black bears come into butt!
Unknown command!
You spit the black butt like a pig!
The black bear is butt-ly wounded!
You skewer the black bear like a kebab!
The black bear is lightly wounded!
The black butt barely misses you! The black bear claws you!
The black bear closely misses you! x2; The black bear misses you!
The black bear barely misses you!
You spit the black bear like a pig!
The black bear is moderately wounded!
The black bear closely butts you! The black bear barely misses you!
The black bear claws you! The black bear bites you!!!
DANG rip

###.#.# ...##.#
###.#.# ..#.#.#
..#.#.# ..+.#.+
..#.#.# ..#.#
#.####### ###.#
#..h@hh.# ...#
#############.#
###.
#...........#.#
...
#.#########.#.##
#####.#.#
#..........#
[.....#.#
#..........#
#######.#
#..........#
#######.#
#..).......#
#.......#
#..........#


You could see a polar bear (berserk) and 2 black bears.

Vanquished Creatures
  A dart slug (D:1)
  3 bats (D:1)
  5 goblins (D:1)
  A hobgoblin (D:1)
  2 frilled lizards (D:1)
  2 kobolds (D:1)
  2 rats (D:1)
16 creatures vanquished.

Notes
Turn   | Place    | Note
-------+----------+-------------------------------------------
     0 | D:1      | Gorglomux the Spriggan Berserker began the quest for the Orb.
     0 | D:1      | Reached XP level 1. HP: 11/11 MP: 2/2
     0 | D:1      | Fell from the grace of Trog
    78 | D:1      | Reached XP level 2. HP: 12/16 MP: 3/3
   158 | D:1      | Reached skill level 3 in Fighting
   428 | D:1      | Noticed a polar bear
   428 | D:1      | Noticed a black bear
   428 | D:1      | Noticed a black bear
   430 | D:1      | Slain by a black bear

Vault maps used:
D:1:      matt_arrival_los_fun, minmay_octomino_c4

Skill      XL: |  1  2 |
---------------+-------+-----
Fighting       | 3 |  3.2
Short Blades   | |  3.2
Dodging        | |  4.4

Action                   || total
-------------------------++-------
Melee: Short sword       ||    62
Invok: Renounce Religion ||     1
Armor: Animal skin       ||     1
Dodge: Dodged            ||    65

Table legend:
 A = Spawn XP
 B = Non-spawn XP
 C = Spawn XP percentage of total XP
 D = Spawn monster count
 E = Non-spawn monster count
 F = Spawn count percentage of total count
 G = Total turns spent on level
                    A         B        C        D         E        F      G
               +---------+---------+-------+---------+---------+-------+---------
         Total |       0 |      27 |   0.0 |       0 |      16 |   0.0 |   430
               +---------+---------+-------+---------+---------+-------+---------
           D:1 |       0 |      27 |   0.0 |       0 |      16 |   0.0 |   430
               +---------+---------+-------+---------+---------+-------+---------
